Map: Blackpink LE

Players

Elazer

  • Race: Zerg Zerg
  • Spawn Location: 7:00

Zest - Winner!

  • Race: Protoss Protoss
  • Spawn Location: 1:00

Event: IEM Season 12 - PyeongChang

VOD

Have the link to the VOD?

Description

Time

  • Played on: Feb. 5, 2018, 9:09 p.m.
  • Length: 10:34

All games in this series

Show
View Real Time Build Order
Export as new Build Order

Elazer Zerg 

Build Orders: Hatch First 

Get SALT Encoding   

  12  0:00  Drone  
  13  0:12  Overlord  
  13  0:17  Drone  
  14  0:30  Drone x2  
  16  0:47  Hatchery  
  15  0:50  Drone  
  15  0:54  Drone  
  17  0:57  Drone  
  18  1:08  Extractor  
  17  1:12  Spawning Pool  
  17  1:15  Drone  
  17  1:18  Drone  
  18  1:28  Drone  
  19  1:38  Drone  
  20  1:49  Overlord  
  20  1:59  Queen x2, Zergling x2  
  20  2:00  Zergling x2  
  26  2:07  Metabolic Boost  
  26  2:11  Drone  
  26  2:12  Drone  
  28  2:20  Drone  
  28  2:21  Drone  
  30  2:34  Hatchery  
  29  2:38  Drone  
  29  2:44  Queen  
  30  2:49  Overlord  
  32  2:52  Drone  
  32  2:57  Drone  
  32  2:58  Drone  
  35  2:59  Drone  
  36  3:07  Drone x2  
  36  3:08  Drone x2  
  36  3:11  Drone  
  41  3:16  Overlord  
  41  3:18  Drone  
  42  3:22  Queen  
  44  3:35  Drone x2  
  44  3:38  Spore Crawler  
  44  3:39  Drone  
  44  3:40  Drone x3  
  49  3:44  Lair  
  49  3:47  Overlord  
  49  3:50  Drone x2  
  49  3:51  Drone  
  49  3:54  Drone  
  49  3:55  Drone  
  54  3:56  Drone  
  54  4:00  Extractor x2  
  53  4:03  Roach Warren  
  53  4:05  Drone  
  53  4:07  Drone  
  54  4:13  Drone  
  54  4:16  Overlord  
  55  4:18  Zergling x2  
  55  4:20  Drone x3  
  59  4:27  Zergling x2  
  59  4:28  Overlord  
  59  4:30  Zergling x8  
  64  4:33  Zergling x4  
  66  4:41  Overseer  
  66  4:46  Roach x3  
  66  4:47  Glial Reconstitution  
  72  5:01  Roach  
  72  5:02  Roach  
  76  5:07  Overlord  
  76  5:12  Hatchery  
  74  5:16  Overlord x2  
  74  5:25  Queen, Zergling x2  
  74  5:26  Roach  
  74  5:27  Roach x2  
  83  5:34  Queen  
  85  5:38  Roach  
  85  5:39  Roach x3  
  92  5:51  Roach  
  92  5:52  Roach x3  
  92  5:53  Overlord  
  100  6:00  Overlord  
  99  6:11  Overlord  
  99  6:13  Roach x2  
  99  6:14  Roach x2  
  99  6:17  Ravager  
  107  6:20  Ravager x4  
  107  6:23  Ravager, Zergling x2  
  107  6:24  Queen, Zergling x6  
  117  6:27  Zergling x8  
  117  6:31  Ravager  
  112  6:47  Roach  
  112  6:52  Roach  
  112  6:53  Roach  
  101  6:55  Roach x5  
  101  6:58  Zergling x10  
  100  7:03  Zergling x2  
  100  7:04  Zergling x2  
  91  7:12  Roach x2  
  91  7:13  Roach  
  85  7:17  Queen x3  
  85  7:19  Roach  
  90  7:24  Roach x2  
  94  7:32  Overlord  
  94  7:35  Roach x2  
  92  7:44  Roach x7  
  92  7:46  Zergling x4  
  92  7:50  Zergling x2  
  107  7:58  Zergling x4  
  106  8:05  Roach x3  
  99  8:09  Zergling x6  
  99  8:11  Queen  
  99  8:12  Queen  
  100  8:17  Zergling x4  
  93  8:22  Roach x2  
  91  8:29  Roach x4  
  89  8:36  Roach x2  
  89  8:38  Zergling x4  
  81  8:46  Roach  
  74  8:52  Queen  
  70  8:56  Ravager  
  70  8:57  Ravager x2  
  70  8:58  Ravager  
  70  8:59  Zergling x8  
  70  9:02  Zergling x2  
  75  9:04  Zergling x2  
  69  9:13  Roach x2  
  73  9:22  Roach x4  
  79  9:28  Roach x2  
  83  9:34  Roach x2  
  83  9:36  Roach  
  89  9:40  Roach  
  88  9:46  Zergling x2  
  88  9:47  Ravager  
  88  9:52  Zergling x2  
  91  9:53  Ravager  
  91  9:59  Zergling x2  
  93  10:01  Ravager  
  93  10:06  Zergling x2  
  93  10:07  Zergling x12  
  99  10:12  Overlord  
Show
View Real Time Build Order
Export as new Build Order

Zest Protoss - Winner!

Build Orders: 1 Gate Expand, Archon Immortal, Zealot Archon, Archon Drop, Dark Templar Rush 

Get SALT Encoding   

  12  0:00  Probe  
  13  0:12  Probe  
  14  0:18  Pylon  
  14  0:25  Probe (Chrono Boost)  
  15  0:37  Probe (Chrono Boost)  
  15  0:41  Gateway  
  16  0:45  Probe (Chrono Boost)  
  16  0:46  Assimilator  
  17  0:51  Probe  
  18  1:03  Probe  
  19  1:15  Probe  
  20  1:25  Nexus  
  20  1:32  Cybernetics Core  
  20  1:36  Probe  
  21  1:43  Assimilator  
  21  1:48  Probe  
  21  1:50  Pylon  
  22  2:00  Probe  
  23  2:07  Adept (Chrono Boost)  
  23  2:09  Warp Gate  
  23  2:12  Probe  
  26  2:25  Probe  
  26  2:26  Stalker  
  26  2:29  Twilight Council  
  30  2:37  Probe (Chrono Boost)  
  30  2:38  Probe (Chrono Boost)  
  31  2:47  Probe x2 (Chrono Boost)  
  33  2:52  Probe, Robotics Facility  
  33  2:57  Probe  
  35  3:06  Probe  
  35  3:09  Probe  
  37  3:15  Dark Shrine  
  37  3:18  Probe  
  38  3:21  Probe  
  39  3:27  Gateway x2  
  39  3:33  Gateway  
  39  3:39  Warp Prism (Chrono Boost)  
  41  3:43  Probe  
  41  3:44  Probe  
  43  3:51  Pylon  
  43  3:56  Probe x2  
  43  4:00  Assimilator  
  43  4:01  Assimilator  
  43  4:02  Pylon  
  45  4:09  Probe x2  
  47  4:22  Probe x2  
  49  4:33  Dark Templar x3  
  49  4:34  Dark Templar, Probe x2  
  59  4:45  Nexus  
  59  4:58  Charge  
  59  5:03  Pylon  
  59  5:06  Observer (Chrono Boost)  
  60  5:10  Forge  
  60  5:14  Archon x2  
  60  5:16  Sentry  
  60  5:18  Pylon  
  62  5:22  Sentry x2  
  62  5:23  Zealot  
  68  5:36  Immortal (Chrono Boost)  
  68  5:37  Gateway  
  68  5:39  Gateway  
  68  5:41  Gateway  
  72  5:42  Protoss Ground Weapons Level 1  
  72  5:44  Gateway  
  72  5:50  Zealot  
  74  5:59  Zealot x2, Dark Templar  
  80  6:07  Immortal (Chrono Boost)  
  84  6:11  Pylon  
  84  6:24  Dark Templar  
  86  6:26  Zealot  
  86  6:27  Zealot  
  86  6:28  Archon  
  89  6:44  Zealot  
  89  6:50  Immortal (Chrono Boost)  
  89  6:53  Zealot x2  
  83  7:00  Zealot  
  67  7:09  Zealot  
  67  7:20  Probe x3  
  70  7:27  Dark Templar x4  
  70  7:28  Zealot x2, Sentry, Immortal (Chrono Boost)  
  70  7:29  Zealot  
  90  7:31  Protoss Ground Weapons Level 2 (Chrono Boost)  
  90  7:32  Probe  
  90  7:33  Archon  
  90  7:34  Archon  
  87  7:51  Sentry, Zealot x2  
  81  8:11  Zealot  
  77  8:14  Zealot  
  77  8:19  Immortal  
  77  8:23  Zealot x3  
  78  8:31  Zealot x3  
  78  8:32  Zealot  
  70  8:48  Stalker x4  
  70  8:53  Sentry  
  70  8:54  Sentry  
  74  9:13  Probe x2  
  74  9:16  Zealot  
  78  9:25  Pylon  
  78  9:27  Pylon  
  78  9:32  Nexus  
  78  9:33  Pylon  
  78  9:44  Immortal (Chrono Boost)  
  78  9:52  Sentry x5  
  92  10:07  Zealot x3  
  92  10:10  Pylon  
  90  10:31  Zealot x4  
  90  10:32  Zealot  

Tags
 
Add a new tag
Caveats
  • Supply blocks, unpowered buildings, or Contaminate may cause inaccurate times.
  • Supply counts are checked every 10 seconds.